 Dungeon Sprint DCSS version 0.17-a0-1262-gd250d98 (webtiles) character file.

6363 Kidiri the Unseen (level 10, -13/56 HPs)
             Began as a Spriggan Assassin on June 6, 2015.
             Was an Elder of Dithmenos.
             Mangled by a spriggan defender
             ... wielding a +0 dagger
              (20 damage)
             ... in the Dungeon (Sprint III: "The Ten Rune Challenge").
             The game lasted 00:07:55 (1390 turns).

Kidiri the Unseen (Spriggan Assassin)               Turns: 1390, Time: 00:07:55

Health: -13/56     AC:  9    Str:  7    XL:     10   Next: 65%
Magic:  8/16       EV: 35    Int: 13    God:    Dithmenos [****..]
Gold:   28         SH:  0    Dex: 21    Spells: 0 memorised, 9 levels left

rFire  + + .     SeeInvis +     a - +2 dagger
rCold  . . .     Clarity  .     A - +2 robe {rF+}
rNeg   . . .     SustAt   .     (shield restricted)
rPois  .         Gourm    .     (helmet restricted)
rElec  .         Spirit   .     d - +0 cloak
rCorr  .         Warding  .     (gloves unavailable)
rMut   .         NoTele   +     (boots unavailable)
MR     +....                    (no amulet)
Stlth  ++++++++++               (no ring)
                                (no ring)

@: very slightly contaminated, hasted, wreathed by umbra, very quick, somewhat
resistant to hostile enchantments, uncannily stealthy
A: unfitting armour, hooves 1, iridescent scales 1, see invisible, deterioration
1, fire resistance 1, herbivore 3, speed 3, slow metabolism 2
a: Shadow Step, Renounce Religion


You were in the Dungeon.
You worshipped Dithmenos.
Dithmenos was greatly pleased with you.
You were not hungry.

You visited 1 branch You collected 28 gold pieces.

Inventory:

Hand weapons
 a - a +2 dagger (weapon)
 b - a +0 blowgun
 y - a +0 antimagic dagger
 B - a +0 shortbow
Missiles
 e - 5 poisoned needles
 C - 67 arrows
Armour
 c - a +0 robe
 d - a +0 cloak (worn)
 o - a +1 robe of magic resistance
 A - a +2 robe of fire resistance (worn)
Magical devices
 p - a wand of teleportation (5)
Scrolls
 m - a scroll of blinking
 q - 2 scrolls of holy word {unknown}
 r - 4 scrolls of identify
 s - 2 scrolls of remove curse {unknown}
 v - a scroll of immolation {unknown}
Potions
 h - a potion of curing
 k - 2 potions of magic
 l - a potion of berserk rage
 t - 2 potions of cure mutation {unknown}
 u - a potion of flight {unknown}
 x - 2 potions of might
 z - a potion of cancellation {unknown}
Books
 i - a book of Unlife

   Spells                             Type                      Level
   a - Recall                         Summoning/Translocation      3
   b - Animate Dead                   Necromancy                   4
   c - Control Undead                 Necromancy                   4
   d - Cigotuvi's Embrace             Necromancy                   5
   e - Death Channel                  Necromancy                   6
   f - Simulacrum                     Ice/Necromancy               6
Comestibles
 g - a bread ration
 n - a slice of pizza
 w - 2 royal jellies


   Skills:
 + Level 7.6 Fighting
 * Level 13.4 Short Blades
 + Level 10.0 Throwing
 * Level 16.6 Dodging
 * Level 18.5 Stealth
 + Level 7.2 Invocations


You had 9 spell levels left.
You didn't know any spells.

Dungeon Overview and Level Annotations

Branches:
Dungeon (1/1)

Altars:
Cheibriados
Dithmenos
Elyvilon
Fedhas
Gozag
Kikubaaqudgha
Makhleb
Nemelex Xobeh
Okawaru
Qazlal
Ru
Sif Muna
Trog
Vehumet
Xom
Yredelemnul
Zin
The Shining One
Jiyva
Lugonu


Innate Abilities, Weirdness & Mutations

You are tiny and cannot use many weapons and most armour.
You have supernaturally acute eyesight.
You are a herbivore.
You cover ground extremely quickly.
You need consume almost no food.
You have large cloven feet.
You are partially covered in iridescent scales (AC +4).
Your body sometimes deteriorates upon taking damage.
Your flesh is heat resistant.


Message History

You closely miss the spriggan defender. Your kick misses the spriggan defender.
The spriggan defender is lightly wounded.
The spriggan defender completely misses you.
You closely miss the spriggan defender. Your kick misses the spriggan defender.
The spriggan defender is moderately wounded.
You miss the spriggan defender. Your kick misses the spriggan defender.
The spriggan defender is moderately wounded.
The spriggan defender misses you.
You barely miss the spriggan defender.
The spriggan defender is moderately wounded.
You miss the spriggan defender.
The spriggan defender is moderately wounded.
The spriggan defender hits you with a dagger!
* * * LOW HITPOINT WARNING * * *
You hit the spriggan defender.
The spriggan defender is moderately wounded.
You hit the spriggan defender.
The spriggan defender is moderately wounded.
The spriggan defender hits you with a dagger!!
You die...

#..)P.#
##§§
#...[.# ..#
≈
#'#####...#
#.....+§..+
#.#########
#.#(PP.(...
#.#.P.....#
#.#P....#
#@#ii.# #
#i#§###§§
#i#§#§..§
#.#§§§..§§
#.#§§§.§§§
#(.§§§.§§
#########


You could see 2 spriggan defenders.

Vanquished Creatures
  Frances (D)
  Wiglaf (D)
  Josephine (D)
  A centaur warrior (D)
  An unseen horror (D)
  A deep elf priest (D)
  A spriggan defender (D)
  An orc high priest (D)
  A shadow (D)
  A spatial vortex (D)
  A necrophage (D)
  2 centaurs (D)
  An earth elemental (D)
  A water elemental (D)
  A scorpion (D)
  3 orc priests (D)
  A jelly (D)
  Jessica (D)
  A necromancer (D)
  A wizard (D)
  3 humans (D)
  A kobold demonologist (D)
  An ooze (D)
  A rat (D)
  A plant (D)
30 creatures vanquished.

Vanquished Creatures (others)
  2 draconian scorchers (D)
  A yaktaur (D)
  2 fire drakes (D)
  A plant (D)
6 creatures vanquished.

Grand Total: 36 creatures vanquished

Notes
Turn   | Place    | Note
--------------------------------------------------------------
     0 | D        | Kidiri the Spriggan Assassin began the quest for the Orb.
     0 | D        | Reached XP level 1. HP: 10/10 MP: 2/2
     9 | D        | Reached skill level 6 in Stealth
    26 | D        | Noticed Jessica
    34 | D        | Killed Jessica
    34 | D        | Reached skill level 7 in Stealth
    34 | D        | Reached XP level 2. HP: 13/15 MP: 3/3
    34 | D        | Reached XP level 3. HP: 15/18 MP: 4/4
    47 | D        | Killed a fire drake
    81 | D        | Noticed a scorpion
    84 | D        | Killed a scorpion
    84 | D        | Reached skill level 8 in Stealth
    84 | D        | Reached XP level 4. HP: 21/23 MP: 5/5
   102 | D        | Reached skill level 5 in Short Blades
   121 | D        | Gained mutation: You passively map a small area around you. [potion of mutation]
   121 | D        | Gained mutation: You are partially covered in iridescent scales (AC +4). [potion of mutation]
   121 | D        | Gained mutation: Your body sometimes deteriorates upon taking damage. [potion of mutation]
   122 | D        | Gained mutation: You have large cloven feet. [potion of mutation]
   122 | D        | Lost mutation: You passively map a small area around you. [potion of mutation]
   122 | D        | Gained mutation: Your flesh is heat resistant. [potion of mutation]
   156 | D        | Noticed a water elemental
   167 | D        | Killed a water elemental
   167 | D        | Reached skill level 9 in Stealth
   167 | D        | Reached XP level 5. HP: 12/28 MP: 6/6
   181 | D        | Killed a white draconian scorcher
   197 | D        | Killed a white draconian scorcher
   252 | D        | Killed a yaktaur
   483 | D        | Noticed a jelly
   484 | D        | Noticed a shadow
   486 | D        | Killed a shadow
   486 | D        | Reached skill level 5 in Throwing
   486 | D        | Reached skill level 11 in Stealth
   486 | D        | Reached XP level 6. HP: 31/33 MP: 7/7
   490 | D        | Killed a jelly
   497 | D        | Found a stormy altar of Qazlal.
   497 | D        | Found a sacrificial altar of Ru.
   497 | D        | Found a burning altar of Makhleb.
   497 | D        | Found a shimmering altar of Xom.
   498 | D        | Found a viscous altar of Jiyva.
   498 | D        | Found a shadowy altar of Dithmenos.
   498 | D        | Found a sparkling altar of Nemelex Xobeh.
   498 | D        | Found a corrupted altar of Lugonu.
   498 | D        | Found an opulent altar of Gozag.
   498 | D        | Noticed a spatial vortex
   500 | D        | Killed a spatial vortex
   500 | D        | Reached skill level 10 in Dodging
   500 | D        | Reached skill level 12 in Stealth
   503 | D        | Became a worshipper of Dithmenos the Shadowed
   525 | D        | Found a glowing silver altar of Zin.
   525 | D        | Found a glowing golden altar of the Shining One.
   525 | D        | Found a white marble altar of Elyvilon.
   526 | D        | Noticed a deep elf priest
   561 | D        | Killed a deep elf priest
   561 | D        | Reached skill level 13 in Stealth
   561 | D        | Reached skill level 1 in Invocations
   561 | D        | Reached XP level 7. HP: 31/38 MP: 7/9
   702 | D        | Found a radiant altar of Vehumet.
   702 | D        | Found a deep blue altar of Sif Muna.
   702 | D        | Found an ancient bone altar of Kikubaaqudgha.
   702 | D        | Noticed a wizard
   713 | D        | Killed a wizard
   757 | D        | Killed a fire drake
   858 | D        | Found an iron altar of Okawaru.
   858 | D        | Found a bloodstained altar of Trog.
   858 | D        | Noticed a human
   859 | D        | Noticed a human
   861 | D        | Killed a human
   861 | D        | Reached skill level 5 in Fighting
   862 | D        | Killed a human
   882 | D        | Found a basalt altar of Yredelemnul.
   882 | D        | Found a snail-covered altar of Cheibriados.
   882 | D        | Found a blossoming altar of Fedhas.
   882 | D        | Noticed a necrophage
   882 | D        | Noticed a necromancer
   889 | D        | Killed a necromancer
   889 | D        | Acquired Dithmenos's first power
   899 | D        | Killed a necrophage
   899 | D        | Reached skill level 14 in Stealth
   899 | D        | Reached XP level 8. HP: 43/43 MP: 11/11
   987 | D        | Noticed Josephine
   989 | D        | Killed Josephine
   989 | D        | Reached skill level 10 in Short Blades
   989 | D        | Reached skill level 15 in Stealth
  1006 | D        | Noticed an earth elemental
  1009 | D        | Killed an earth elemental
  1014 | D        | Noticed a centaur
  1014 | D        | Noticed a centaur warrior
  1014 | D        | Noticed a centaur
  1016 | D        | Killed a centaur
  1016 | D        | Acquired Dithmenos's second power
  1016 | D        | Reached XP level 9. HP: 48/48 MP: 13/13
  1018 | D        | Killed a centaur warrior
  1018 | D        | Reached skill level 16 in Stealth
  1018 | D        | Reached skill level 5 in Invocations
  1019 | D        | Killed a centaur
  1076 | D        | Noticed an unseen horror
  1078 | D        | Killed an unseen horror
  1091 | D        | Noticed Wiglaf
  1091 | D        | Noticed Frances
  1093 | D        | Killed Frances
  1093 | D        | Reached skill level 15 in Dodging
  1093 | D        | Reached skill level 17 in Stealth
  1093 | D        | Reached XP level 10. HP: 53/55 MP: 10/15
  1095 | D        | Killed Wiglaf
  1095 | D        | Acquired Dithmenos's third power
  1095 | D        | Reached skill level 18 in Stealth
  1142 | D        | Noticed an orc priest
  1142 | D        | Noticed an orc priest
  1144 | D        | Noticed an orc high priest
  1144 | D        | Noticed an orc priest
  1145 | D        | Killed an orc priest
  1146 | D        | Killed an orc priest
  1149 | D        | Killed an orc high priest
  1150 | D        | Killed an orc priest
  1307 | D        | Noticed a spriggan defender
  1308 | D        | Noticed a spriggan defender
  1308 | D        | Noticed a spriggan defender
  1308 | D        | Noticed a spriggan defender
  1368 | D        | Killed a spriggan defender
  1368 | D        | Reached skill level 10 in Throwing
  1390 | D        | Mangled by a spriggan defender

Vault maps used:
D:        dungeon_sprint_mu

Action                   |  1- 3 |  4- 6 |  7- 9 | 10-12 || total
-------------------------+-------+-------+-------+-------++-------
Melee: Dagger            |     7 |    45 |    26 |   129 ||   207
 Fire: Blowgun           |       |     6 |     2 |    12 ||    20
Invok: Shadow Step       |       |       |     1 |     1 ||     2
  Use: Potion            |       |     4 |       |     1 ||     5
 Stab: Sleeping          |     3 |     3 |    10 |     5 ||    21
